Gangsters vs Senators
Created - 8 avril 2014 at 19:03
Goals
|
| Gangsters |
0 |
3 |
0 |
1 |
4 |
| Senators |
2 |
0 |
1 |
0 |
3 |
|
Shots
|
| Gangsters |
6 |
10 |
12 |
3 |
31 |
| Senators |
16 |
7 |
17 |
0 |
40 |
|
1st period
1. Senators , Niklas Hagman 32 (B.J. Crombeen) at 5:11
2. Senators , B.J. Crombeen 52 (Milan Jurcina) at 8:07
Penalties :
No Penalty
2nd period
3. Gangsters , Dave Dziurzynski 5 (Ryan Jones, Artem Anisimov) at 9:29
4. Gangsters , Brock Bradford 11 (Cory Murphy, Ryan Jones) at 13:45
5. Gangsters , Brock Bradford 12 (Ryan Keller, Nick Foligno) at 17:51
Penalties :
Brock Bradford (Bro) for Hooking (Minor) at 2:39, Gilbert Brule (BIN) for Hooking (Minor) at 9:46, Ryan Keller (Bro) for Roughing (Minor) at 11:08
3rd period
6. Senators , Steven Goertzen 22 (Vladimir Mihalik) at 11:11
Penalties :
Logan Stephenson (BIN) for Roughing (Minor) at 4:17
Overtime #1
7. Gangsters , Ville Koistinen 4 (Ryan Jones, Ryan Keller) at 1:12
Penalties :
No Penalty
Goalie Stats
David LeNeveu (Bro), 37 saves from 40 shots - (0,925), W, 23-27-3, 61:12 minutes
Jeff Deslauriers (BIN), 27 saves from 31 shots - (0,871), OTL, 31-9-8, 61:12 minutes
Players Stats for Gangsters
Player Name G A P +/- PIM S H SB GA TA FO MP PP MP PK MP
------------------------------------------------------------------------------------
Alexandre Bolduc 0 0 0 -1 0 0 1 1 0 0 12/24 19:38 1:43 1:24
Artem Anisimov 0 1 1 0 0 2 0 1 0 0 5/15 19:16 1:38 0:00
Ben Holmstrom 0 0 0 0 0 0 0 0 0 0 0/0 0:10 0:00 0:00
Bradley Malone 0 0 0 0 0 0 1 0 0 0 0/0 1:44 0:00 0:00
Brock Bradford 2 0 2 1 2 3 2 2 0 0 2/7 15:10 0:00 0:05
Bryan Young 0 0 0 -1 0 0 0 1 0 0 0/0 25:51 1:21 1:54
Colten Teubert 0 0 0 -1 0 0 0 0 0 0 0/0 13:41 0:00 0:00
Cory Murphy 0 1 1 2 0 4 3 3 1 1 0/0 32:01 2:00 1:27
Dave Dziurzynski 1 0 1 0 0 4 4 2 0 0 0/4 19:00 1:38 0:00
Luke Gazdic 0 0 0 0 0 1 1 0 0 0 0/2 14:35 0:00 1:13
Maxime Sauvé 0 0 0 0 0 0 1 0 0 0 2/4 11:41 0:00 0:00
Nathan Moon 0 0 0 0 0 0 0 0 0 0 0/0 0:07 0:00 0:00
Nick Foligno 0 1 1 -1 0 3 4 0 1 0 1/2 24:24 1:43 1:36
Phil McRae 0 0 0 0 0 0 0 0 0 0 0/0 0:29 0:00 0:00
Ryan Jones 0 3 3 2 0 7 4 1 0 1 0/1 25:45 1:38 1:24
Ryan Keller 0 2 2 1 2 5 4 0 1 0 4/5 26:53 1:42 1:00
Shaun Heska 0 0 0 0 0 0 0 2 0 0 0/0 21:26 1:21 1:54
Ville Koistinen 1 0 1 2 0 2 0 2 0 1 0/0 28:43 2:00 1:27
Players Stats for Senators
Player Name G A P +/- PIM S H SB GA TA FO MP PP MP PK MP
------------------------------------------------------------------------------------
Andrew Murray 0 0 0 0 0 0 2 0 1 0 4/5 12:02 0:00 0:06
B.J. Crombeen 1 1 2 -1 0 4 4 0 0 1 0/1 24:02 2:36 2:14
Clayton Stoner 0 0 0 -1 0 1 2 0 0 0 0/0 13:25 0:00 0:00
Cody Hodgson 0 0 0 0 0 1 0 0 0 0 1/1 8:00 0:00 0:00
Dan Hinote 0 0 0 0 0 5 3 0 0 0 0/0 15:57 0:45 0:00
Erik Karlsson 0 0 0 -1 0 2 0 1 0 0 0/0 14:26 0:00 1:01
Gilbert Brule 0 0 0 0 2 2 2 0 1 0 13/25 20:04 2:36 0:32
Jack Skille 0 0 0 0 0 0 0 0 0 0 0/0 12:22 0:00 0:00
Josh Hennessy 0 0 0 0 0 2 2 0 0 1 11/18 15:39 0:45 0:00
Logan Stephenson 0 0 0 1 2 1 0 4 0 0 0/0 18:24 1:00 0:21
Milan Jurcina 0 1 1 1 0 0 1 2 0 0 0/0 18:56 1:00 1:22
Niklas Hagman 1 0 1 -1 0 6 1 0 0 1 6/11 23:58 2:36 2:20
Nikolai Kulemin 0 0 0 0 0 3 1 0 0 0 3/3 17:14 0:45 1:04
Ryan Parent 0 0 0 -1 0 1 2 2 1 0 0/0 28:51 2:21 1:59
Steven Goertzen 1 0 1 0 0 1 1 0 0 0 0/0 8:53 0:00 0:26
Travis Moen 0 0 0 0 0 3 0 2 0 0 0/0 8:00 0:00 0:00
Ville Peltonen 0 0 0 0 0 6 2 0 0 0 0/0 11:44 0:00 0:00
Vladimir Mihalik 0 1 1 -1 0 2 1 0 0 0 0/0 28:51 2:21 1:59
3 Stars
1 - Ryan Jones (Bro)
2 - Brock Bradford (Bro)
3 - B.J. Crombeen (BIN)
Power Play
Gangsters - 0 on 2 Attempt(s) - 0,00%
Senators - 0 on 2 Attempt(s) - 0,00%
Penalty Kill
Gangsters - 2 on 2 Attempt(s) - 100,00%
- Score 0 goal in Penalty Kill
Senators - 2 on 2 Attempt(s) - 100,00%
- Score 0 goal in Penalty Kill
Official
Referees : McCreary Bill and Walkom Stephen
Linesman : Steve Barton and Lyle Seitz
Game Notes
No Game Note
Finance
Level 1 -- Attendance: 1614 (80,70%) -- Ticket Income 56 490 $
Level 2 -- Attendance: 738 (73,80%) -- Ticket Income 11 070 $
Total Attendance: 2352 (78,40%)
Total Ticket Income: 67 560 $
Other Income: 3 378 $
Total Income: 70 938 $
Gangsters
5 vs 5 Forward
Center Left Wing Right Wing Time % Phy DF OF
1 Alexandre Bolduc Nick Foligno Ryan Keller 40 1 2 2
2 Artem Anisimov Dave Dziurzynski Ryan Jones 30 1 2 2
3 Brock Bradford Luke Gazdic Ryan Keller 20 1 2 2
4 Maxime Sauvé Ryan Jones Nick Foligno 10 1 2 2
5 vs 5 Defense
Defense Defense Time % Phy DF OF
1 Cory Murphy Ville Koistinen 40 1 2 2
2 Bryan Young Shaun Heska 30 1 2 2
3 Colten Teubert Cory Murphy 20 1 2 2
4 Ville Koistinen Bryan Young 10 1 2 2
PowerPlay Forward
Center Left Wing Right Wing Time % Phy DF OF
1 Alexandre Bolduc Nick Foligno Ryan Keller 60 1 2 2
2 Artem Anisimov Dave Dziurzynski Ryan Jones 40 1 2 2
PowerPlay Defense
Defense Defense Time % Phy DF OF
1 Cory Murphy Ville Koistinen 60 1 2 2
2 Bryan Young Shaun Heska 40 1 2 2
Penalty Kill 4 Players Forward
Center Wing Time % Phy DF OF
1 Ryan Keller Ryan Jones 60 1 2 2
2 Nick Foligno Alexandre Bolduc 40 1 2 2
Penalty Kill 4 Players Defense
Defense Defense Time % Phy DF OF
1 Cory Murphy Ville Koistinen 60 1 2 2
2 Bryan Young Shaun Heska 40 1 2 2
Penalty Kill - 3 Players Forward
Forward Time % Phy DF OF
1 Ryan Keller 60 1 2 2
2 Ryan Jones 40 1 2 2
Penalty Kill - 3 Players Defense
Defense Defense Time % Phy DF OF
1 Cory Murphy Ville Koistinen 60 1 2 2
2 Bryan Young Shaun Heska 40 1 2 2
4 vs 4 Forward
Center Wing Time % Phy DF OF
1 Ryan Keller Ryan Jones 60 1 2 2
2 Nick Foligno Alexandre Bolduc 40 1 2 2
4 vs 4 Defense
Defense Defense Time % Phy DF OF
1 Cory Murphy Ville Koistinen 60 1 2 2
2 Bryan Young Shaun Heska 40 1 2 2
Last Minutes Offensive
Center Left Wing Right Wing Defense Defense
Alexandre Bolduc Nick Foligno Ryan Keller Cory Murphy Ville Koistinen
Last Minutes Defensive
Center Left Wing Right Wing Defense Defense
Alexandre Bolduc Nick Foligno Ryan Keller Cory Murphy Ville Koistinen
Goaltenders
Starting : David LeNeveu
Backup : Dustin Tokarski
Extra Forwards
Normal : Brock Bradford, Maxime Sauvé, Luke Gazdic - PP : Brock Bradford, Maxime Sauvé - PK : Luke Gazdic
Extra Defensemen
Normal : Colten Teubert, Shaun Heska, Cory Murphy - PP : Colten Teubert - PK : Shaun Heska, Cory Murphy
Penalty Shots
Ryan Keller, Ryan Jones, Nick Foligno, Alexandre Bolduc, Artem Anisimov
Senators
5 vs 5 Forward
Center Left Wing Right Wing Time % Phy DF OF
1 Gilbert Brule Niklas Hagman B.J. Crombeen 40 1 2 2
2 Josh Hennessy Nikolai Kulemin Dan Hinote 30 1 2 2
3 Andrew Murray Ville Peltonen Jack Skille 20 1 2 2
4 Cody Hodgson Travis Moen Steven Goertzen 10 1 2 2
5 vs 5 Defense
Defense Defense Time % Phy DF OF
1 Ryan Parent Vladimir Mihalik 40 1 2 2
2 Milan Jurcina Logan Stephenson 30 1 2 2
3 Clayton Stoner Erik Karlsson 20 1 2 2
4 Ryan Parent Vladimir Mihalik 10 1 2 2
PowerPlay Forward
Center Left Wing Right Wing Time % Phy DF OF
1 Gilbert Brule Niklas Hagman B.J. Crombeen 60 1 2 2
2 Josh Hennessy Nikolai Kulemin Dan Hinote 40 1 2 2
PowerPlay Defense
Defense Defense Time % Phy DF OF
1 Ryan Parent Vladimir Mihalik 60 1 2 2
2 Milan Jurcina Logan Stephenson 40 1 2 2
Penalty Kill 4 Players Forward
Center Wing Time % Phy DF OF
1 Niklas Hagman B.J. Crombeen 60 1 2 2
2 Nikolai Kulemin Gilbert Brule 40 1 2 2
Penalty Kill 4 Players Defense
Defense Defense Time % Phy DF OF
1 Ryan Parent Vladimir Mihalik 60 1 2 2
2 Milan Jurcina Logan Stephenson 40 1 2 2
Penalty Kill - 3 Players Forward
Forward Time % Phy DF OF
1 Ville Peltonen 60 1 2 2
2 B.J. Crombeen 40 1 2 2
Penalty Kill - 3 Players Defense
Defense Defense Time % Phy DF OF
1 Ryan Parent Vladimir Mihalik 60 1 2 2
2 Milan Jurcina Logan Stephenson 40 1 2 2
4 vs 4 Forward
Center Wing Time % Phy DF OF
1 Niklas Hagman B.J. Crombeen 60 1 2 2
2 Nikolai Kulemin Gilbert Brule 40 1 2 2
4 vs 4 Defense
Defense Defense Time % Phy DF OF
1 Ryan Parent Vladimir Mihalik 60 1 2 2
2 Milan Jurcina Logan Stephenson 40 1 2 2
Last Minutes Offensive
Center Left Wing Right Wing Defense Defense
Gilbert Brule Ville Peltonen B.J. Crombeen Ryan Parent Vladimir Mihalik
Last Minutes Defensive
Center Left Wing Right Wing Defense Defense
Gilbert Brule Ville Peltonen B.J. Crombeen Ryan Parent Vladimir Mihalik
Goaltenders
Starting : Jeff Deslauriers
Backup : Jacob Markstrom
Extra Forwards
Normal : Nikolai Kulemin, Jack Skille, Steven Goertzen - PP : Nikolai Kulemin, Jack Skille - PK : Steven Goertzen
Extra Defensemen
Normal : Clayton Stoner, Erik Karlsson, Milan Jurcina - PP : Clayton Stoner - PK : Erik Karlsson, Milan Jurcina
Penalty Shots
Ville Peltonen, B.J. Crombeen, Niklas Hagman, Gilbert Brule, Dan Hinote
% Time on Ice - Gangsters
Lines # - Real PCT - Wanted PCT - Time Play
Normal Forward
1 - 32% - 40% - 16:36
2 - 38% - 30% - 19:47
3 - 21% - 20% - 11:01
4 - 10% - 10% - 5:17
Normal Defense
1 - 33% - 40% - 17:13
2 - 33% - 30% - 17:14
3 - 24% - 20% - 12:43
4 - 10% - 10% - 5:31
PP Forward
1 - 51% - 60% - 1:43
2 - 49% - 40% - 1:38
PP Defense
1 - 60% - 60% - 2:00
2 - 40% - 40% - 1:21
PK Forward
1 - 88% - 60% - 2:57
2 - 12% - 40% - 0:24
PK Defense
1 - 43% - 60% - 1:27
2 - 57% - 40% - 1:54
PK3 Forward
1 - 0% - 60%
2 - 0% - 40%
PK3 Defense
1 - 0% - 60%
2 - 0% - 40%
44 Forward
1 - 100% - 60% - 1:49
2 - 0% - 40% - 0:00
44 Defense
1 - 100% - 60% - 1:49
2 - 0% - 40% - 0:00
Last Minute Offensive - 0:00
Last Minute Defensive - 0:00
Total
Forward - 61:12
Defense - 61:12
|
% Time on Ice - Senators
Lines # - Real PCT - Wanted PCT - Time Play
Normal Forward
1 - 34% - 40% - 18:03
2 - 28% - 30% - 14:54
3 - 22% - 20% - 11:44
4 - 15% - 10% - 8:00
Normal Defense
1 - 39% - 40% - 20:19
2 - 31% - 30% - 16:13
3 - 25% - 20% - 13:25
4 - 5% - 10% - 2:44
PP Forward
1 - 78% - 60% - 2:36
2 - 22% - 40% - 0:45
PP Defense
1 - 70% - 60% - 2:21
2 - 30% - 40% - 1:00
PK Forward
1 - 79% - 60% - 2:38
2 - 21% - 40% - 0:43
PK Defense
1 - 59% - 60% - 1:59
2 - 41% - 40% - 1:22
PK3 Forward
1 - 0% - 60%
2 - 0% - 40%
PK3 Defense
1 - 0% - 60%
2 - 0% - 40%
44 Forward
1 - 100% - 60% - 1:49
2 - 0% - 40% - 0:00
44 Defense
1 - 81% - 60% - 1:28
2 - 19% - 40% - 0:21
Last Minute Offensive - 0:00
Last Minute Defensive - 0:00
Total
Forward - 61:12
Defense - 61:12
|
Play by Play
1st period
0:01 of 1st period - Gilbert Brule wins face-off versus Alexandre Bolduc in neutral zone.
0:26 of 1st period - Ville Koistinen is hit by Dan Hinote and loses puck.
0:37 of 1st period - Ryan Parent is hit by Dave Dziurzynski and loses puck.
0:54 of 1st period - Snap shot by Brock Bradford.
0:54 of 1st period - Shot Misses the Net.
1:40 of 1st period - Snap shot by B.J. Crombeen.
1:40 of 1st period - Shot Misses the Net.
1:58 of 1st period - Snap shot by Steven Goertzen.
1:58 of 1st period - Shot Misses the Net.
2:22 of 1st period - Slapshot by Andrew Murray.
2:22 of 1st period - Shot Misses the Net.
2:51 of 1st period - Nick Foligno is hit by Clayton Stoner and loses puck.
2:56 of 1st period - Wrist shot by Ville Peltonen.
2:56 of 1st period - Stopped by David LeNeveu with a rebound.
3:14 of 1st period - Cory Murphy is hit by Josh Hennessy and loses puck.
3:27 of 1st period - Maxime Sauvé is hit by B.J. Crombeen and loses puck.
3:40 of 1st period - B.J. Crombeen is hit by Nick Foligno and loses puck.
3:58 of 1st period - Icing by Shaun Heska.
3:59 of 1st period - Artem Anisimov wins face-off versus Josh Hennessy in Gangsters zone.
4:51 of 1st period - Snap shot by Cody Hodgson.
4:51 of 1st period - Shot Misses the Net.
5:01 of 1st period - Snap shot by Niklas Hagman.
5:01 of 1st period - Shot Blocked by Bryan Young.
5:11 of 1st period - Slapshot by Niklas Hagman.
5:11 of 1st period - Goal by Niklas Hagman - Gangsters : 0 - Senators : 1.
5:12 of 1st period - Gilbert Brule wins face-off versus Alexandre Bolduc in neutral zone.
5:23 of 1st period - Off-side.
5:24 of 1st period - Josh Hennessy wins face-off versus Artem Anisimov in neutral zone.
5:31 of 1st period - Vladimir Mihalik is hit by Ryan Jones and loses puck.
5:50 of 1st period - Ville Koistinen is hit by B.J. Crombeen and loses puck.
5:59 of 1st period - Snap shot by B.J. Crombeen.
5:59 of 1st period - Shot Blocked by Cory Murphy.
6:01 of 1st period - Snap shot by Gilbert Brule.
6:01 of 1st period - Shot Misses the Net.
6:03 of 1st period - Snap shot by B.J. Crombeen.
6:03 of 1st period - Stopped by David LeNeveu without a rebound.
6:04 of 1st period - Andrew Murray wins face-off versus Dave Dziurzynski in Gangsters zone.
6:13 of 1st period - Ville Peltonen is hit by Cory Murphy.
6:38 of 1st period - Snap shot by Ryan Jones.
6:38 of 1st period - Stopped by Jeff Deslauriers without a rebound.
6:39 of 1st period - Alexandre Bolduc wins face-off versus Gilbert Brule in Senators zone.
7:21 of 1st period - Slapshot by Josh Hennessy.
7:21 of 1st period - Stopped by David LeNeveu with a rebound.
8:07 of 1st period - Snap shot by B.J. Crombeen.
8:07 of 1st period - Goal by B.J. Crombeen - Gangsters : 0 - Senators : 2.
8:08 of 1st period - Maxime Sauvé wins face-off versus Gilbert Brule in neutral zone.
8:29 of 1st period - Icing by Ryan Parent.
8:30 of 1st period - Niklas Hagman wins face-off versus Brock Bradford in Senators zone.
8:30 of 1st period - Niklas Hagman is hit by Ryan Keller.
8:42 of 1st period - Nikolai Kulemin is hit by Ryan Keller and loses puck.
9:57 of 1st period - Logan Stephenson is hit by Ryan Jones and loses puck.
10:34 of 1st period - Icing by Artem Anisimov.
10:35 of 1st period - Josh Hennessy wins face-off versus Ryan Jones in Gangsters zone.
10:44 of 1st period - Snap shot by Dan Hinote.
10:44 of 1st period - Shot Blocked by Dave Dziurzynski.
10:46 of 1st period - Wrist shot by Dan Hinote.
10:46 of 1st period - Shot Misses the Net.
10:48 of 1st period - Snap shot by Josh Hennessy.
10:48 of 1st period - Stopped by David LeNeveu with a rebound.
10:50 of 1st period - Wrist shot by Nikolai Kulemin.
10:50 of 1st period - Shot Blocked by Dave Dziurzynski.
11:04 of 1st period - Snap shot by Ville Peltonen.
11:04 of 1st period - Stopped by David LeNeveu with a rebound.
11:22 of 1st period - Bryan Young is hit by Steven Goertzen.
11:37 of 1st period - Snap shot by Artem Anisimov.
11:37 of 1st period - Deflect By Dave Dziurzynski.
11:37 of 1st period - Shot Misses the Net.
11:37 of 1st period - Puck is out of play.
11:38 of 1st period - Niklas Hagman wins face-off versus Alexandre Bolduc in Senators zone.
11:51 of 1st period - Snap shot by Gilbert Brule.
11:51 of 1st period - Shot Misses the Net.
13:00 of 1st period - Wrist shot by Ville Peltonen.
13:00 of 1st period - Shot Misses the Net.
13:21 of 1st period - Wrist shot by Gilbert Brule.
13:21 of 1st period - Shot Misses the Net.
13:23 of 1st period - Slapshot by B.J. Crombeen.
13:23 of 1st period - Deflect By Gilbert Brule.
13:23 of 1st period - Shot Misses the Net.
13:23 of 1st period - Puck is out of play.
13:24 of 1st period - Gilbert Brule wins face-off versus Artem Anisimov in Gangsters zone.
13:27 of 1st period - Snap shot by Gilbert Brule.
13:27 of 1st period - Stopped by David LeNeveu without a rebound.
13:28 of 1st period - Gilbert Brule wins face-off versus Artem Anisimov in Gangsters zone.
13:53 of 1st period - Slapshot by Dan Hinote.
13:53 of 1st period - Shot Misses the Net.
15:00 of 1st period - Wrist shot by B.J. Crombeen.
15:00 of 1st period - Stopped by David LeNeveu without a rebound.
15:01 of 1st period - Alexandre Bolduc wins face-off versus Josh Hennessy in Gangsters zone.
15:01 of 1st period - Alexandre Bolduc is hit by Dan Hinote.
15:25 of 1st period - Ryan Parent is hit by Dave Dziurzynski and loses puck.
15:42 of 1st period - Wrist shot by Ville Peltonen.
15:42 of 1st period - Stopped by David LeNeveu with a rebound.
15:44 of 1st period - Backhand shot by Clayton Stoner.
15:44 of 1st period - Stopped by David LeNeveu without a rebound.
15:45 of 1st period - Andrew Murray wins face-off versus Alexandre Bolduc in Gangsters zone.
16:22 of 1st period - Snap shot by Ville Peltonen.
16:22 of 1st period - Stopped by David LeNeveu without a rebound.
16:23 of 1st period - Alexandre Bolduc wins face-off versus Gilbert Brule in Gangsters zone.
16:43 of 1st period - Icing by Vladimir Mihalik.
16:44 of 1st period - Nikolai Kulemin wins face-off versus Artem Anisimov in Senators zone.
16:49 of 1st period - Dave Dziurzynski is hit by Dan Hinote and loses puck.
17:10 of 1st period - Off-side.
17:11 of 1st period - Gilbert Brule wins face-off versus Alexandre Bolduc in neutral zone.
17:14 of 1st period - Snap shot by B.J. Crombeen.
17:14 of 1st period - Shot Misses the Net.
17:22 of 1st period - Slapshot by Ryan Keller.
17:22 of 1st period - Stopped by Jeff Deslauriers with a rebound.
17:24 of 1st period - Wrist shot by Nick Foligno.
17:24 of 1st period - Shot Blocked by Logan Stephenson.
17:26 of 1st period - Slapshot by Cory Murphy.
17:26 of 1st period - Stopped by Jeff Deslauriers with a rebound.
17:36 of 1st period - Niklas Hagman is hit by Ryan Jones and loses puck.
17:45 of 1st period - Snap shot by Gilbert Brule.
17:45 of 1st period - Stopped by David LeNeveu with a rebound.
17:47 of 1st period - Snap shot by B.J. Crombeen.
17:47 of 1st period - Deflect By Ryan Jones.
17:47 of 1st period - Shot Misses the Net.
17:47 of 1st period - Puck is out of play.
17:48 of 1st period - Josh Hennessy wins face-off versus Alexandre Bolduc in Gangsters zone.
18:01 of 1st period - Slapshot by Ryan Keller.
18:01 of 1st period - Shot Misses the Net.
18:03 of 1st period - Slapshot by Nick Foligno.
18:03 of 1st period - Stopped by Jeff Deslauriers without a rebound.
18:04 of 1st period - Maxime Sauvé wins face-off versus Andrew Murray in Senators zone.
18:05 of 1st period - Slapshot by Cory Murphy.
18:05 of 1st period - Shot Misses the Net.
18:13 of 1st period - Snap shot by Ville Peltonen.
18:13 of 1st period - Stopped by David LeNeveu without a rebound.
18:14 of 1st period - Andrew Murray wins face-off versus Maxime Sauvé in Gangsters zone.
19:00 of 1st period - Off-side.
19:01 of 1st period - Gilbert Brule wins face-off versus Luke Gazdic in neutral zone.
19:08 of 1st period - Snap shot by Gilbert Brule.
19:08 of 1st period - Shot Misses the Net.
19:12 of 1st period - Slapshot by B.J. Crombeen.
19:12 of 1st period - Shot Blocked by Shaun Heska.
19:14 of 1st period - Snap shot by Niklas Hagman.
19:14 of 1st period - Stopped by David LeNeveu with a rebound.
19:16 of 1st period - Snap shot by Niklas Hagman.
19:16 of 1st period - Stopped by David LeNeveu without a rebound.
19:17 of 1st period - Josh Hennessy wins face-off versus Brock Bradford in Gangsters zone.
19:18 of 1st period - Snap shot by Nikolai Kulemin.
19:18 of 1st period - Shot Blocked by Brock Bradford.
19:26 of 1st period - Wrist shot by Ryan Keller.
19:26 of 1st period - Shot Misses the Net.
19:28 of 1st period - Wrist shot by Brock Bradford.
19:28 of 1st period - Shot Blocked by Logan Stephenson.
19:30 of 1st period - Slapshot by Luke Gazdic.
19:30 of 1st period - Stopped by Jeff Deslauriers without a rebound.
19:31 of 1st period - Alexandre Bolduc wins face-off versus Gilbert Brule in Senators zone.
19:32 of 1st period - Slapshot by Cory Murphy.
19:32 of 1st period - Stopped by Jeff Deslauriers with a rebound.
19:38 of 1st period - Ryan Parent is hit by Nick Foligno and loses puck.
Goals for this period are 0 for Gangsters vs 2 for Senators.
Shots for this period are 6 for Gangsters vs 16 for Senators.
2nd period
0:01 of 2nd period - Ryan Keller wins face-off versus Gilbert Brule in neutral zone.
0:33 of 2nd period - Snap shot by Dan Hinote.
0:33 of 2nd period - Shot Misses the Net.
1:39 of 2nd period - Vladimir Mihalik is hit by Alexandre Bolduc and loses puck.
1:53 of 2nd period - Off-side.
1:54 of 2nd period - Andrew Murray wins face-off versus Brock Bradford in neutral zone.
1:57 of 2nd period - Bryan Young is hit by Andrew Murray and loses puck.
2:08 of 2nd period - Snap shot by Jack Skille.
2:08 of 2nd period - Shot Misses the Net.
2:17 of 2nd period - Icing by Bryan Young.
2:18 of 2nd period - Gilbert Brule wins face-off versus Luke Gazdic in Gangsters zone.
2:27 of 2nd period - Slapshot by B.J. Crombeen.
2:27 of 2nd period - Shot Misses the Net.
2:39 of 2nd period - Minor Penalty to Brock Bradford for Hooking.
2:40 of 2nd period - Gilbert Brule wins face-off versus Ryan Keller in Gangsters zone.
2:42 of 2nd period - Snap shot by B.J. Crombeen.
2:42 of 2nd period - Shot Misses the Net.
2:44 of 2nd period - Snap shot by Vladimir Mihalik.
2:44 of 2nd period - Stopped by David LeNeveu without a rebound.
2:45 of 2nd period - Ryan Keller wins face-off versus Gilbert Brule in Gangsters zone.
2:45 of 2nd period - Ryan Keller is hit by Gilbert Brule.
2:55 of 2nd period - Cory Murphy is hit by Gilbert Brule and loses puck.
4:39 of 2nd period - Penalty to Brock Bradford is over, Brock Bradford is back on ice.
4:52 of 2nd period - Snap shot by Travis Moen.
4:52 of 2nd period - Shot Blocked by Cory Murphy.
4:54 of 2nd period - Slapshot by Clayton Stoner.
4:54 of 2nd period - Shot Misses the Net.
4:56 of 2nd period - Slapshot by Erik Karlsson.
4:56 of 2nd period - Shot Blocked by Artem Anisimov.
5:11 of 2nd period - Slapshot by Ville Peltonen.
5:11 of 2nd period - Stopped by David LeNeveu without a rebound.
5:12 of 2nd period - Alexandre Bolduc wins face-off versus Josh Hennessy in Gangsters zone.
6:12 of 2nd period - Snap shot by Niklas Hagman.
6:12 of 2nd period - Stopped by David LeNeveu with a rebound.
6:14 of 2nd period - Slapshot by Vladimir Mihalik.
6:14 of 2nd period - Stopped by David LeNeveu with a rebound.
6:54 of 2nd period - Off-side.
6:55 of 2nd period - Josh Hennessy wins face-off versus Brock Bradford in neutral zone.
7:43 of 2nd period - Snap shot by Ville Peltonen.
7:43 of 2nd period - Deflect By Jack Skille.
7:43 of 2nd period - Shot Misses the Net.
7:43 of 2nd period - Puck is out of play.
7:44 of 2nd period - Alexandre Bolduc wins face-off versus Josh Hennessy in Gangsters zone.
7:51 of 2nd period - Wrist shot by Josh Hennessy.
7:51 of 2nd period - Shot Blocked by Shaun Heska.
7:59 of 2nd period - Snap shot by Nikolai Kulemin.
7:59 of 2nd period - Stopped by David LeNeveu with a rebound.
8:20 of 2nd period - Wrist shot by Travis Moen.
8:20 of 2nd period - Stopped by David LeNeveu with a rebound.
8:43 of 2nd period - Wrist shot by Ryan Jones.
8:43 of 2nd period - Stopped by Jeff Deslauriers with a rebound.
8:45 of 2nd period - Wrist shot by Artem Anisimov.
8:45 of 2nd period - Shot Misses the Net.
8:56 of 2nd period - Off-side.
8:57 of 2nd period - Brock Bradford wins face-off versus Josh Hennessy in neutral zone.
9:29 of 2nd period - Snap shot by Dave Dziurzynski.
9:29 of 2nd period - Goal by Dave Dziurzynski - Gangsters : 1 - Senators : 2.
9:30 of 2nd period - Nick Foligno wins face-off versus Gilbert Brule in neutral zone.
9:30 of 2nd period - Ville Koistinen is hit by B.J. Crombeen and loses puck.
9:46 of 2nd period - Minor Penalty to Gilbert Brule for Hooking.
9:47 of 2nd period - Alexandre Bolduc wins face-off versus Niklas Hagman in Senators zone.
11:08 of 2nd period - Minor Penalty to Ryan Keller for Roughing.
11:09 of 2nd period - Brock Bradford wins face-off versus Niklas Hagman in Gangsters zone.
11:18 of 2nd period - Slapshot by Ryan Jones.
11:18 of 2nd period - Stopped by Jeff Deslauriers with a rebound.
11:29 of 2nd period - Off-side.
11:30 of 2nd period - Nikolai Kulemin wins face-off versus Maxime Sauvé in neutral zone.
11:46 of 2nd period - Penalty to Gilbert Brule is over, Gilbert Brule is back on ice.
11:58 of 2nd period - Snap shot by Gilbert Brule.
11:58 of 2nd period - Shot Misses the Net.
12:08 of 2nd period - Luke Gazdic is hit by Vladimir Mihalik and loses puck.
13:08 of 2nd period - Penalty to Ryan Keller is over, Ryan Keller is back on ice.
13:39 of 2nd period - Snap shot by Ryan Jones.
13:39 of 2nd period - Shot Misses the Net.
13:41 of 2nd period - Slapshot by Cory Murphy.
13:41 of 2nd period - Stopped by Jeff Deslauriers with a rebound.
13:43 of 2nd period - Slapshot by Cory Murphy.
13:43 of 2nd period - Shot Misses the Net.
13:45 of 2nd period - Snap shot by Brock Bradford.
13:45 of 2nd period - Goal by Brock Bradford - Gangsters : 2 - Senators : 2.
13:46 of 2nd period - Nikolai Kulemin wins face-off versus Alexandre Bolduc in neutral zone.
13:56 of 2nd period - Icing by Alexandre Bolduc.
13:57 of 2nd period - Josh Hennessy wins face-off versus Alexandre Bolduc in Gangsters zone.
14:29 of 2nd period - Slapshot by Cory Murphy.
14:29 of 2nd period - Shot Misses the Net.
14:33 of 2nd period - Backhand shot by Ryan Keller.
14:33 of 2nd period - Stopped by Jeff Deslauriers without a rebound.
14:34 of 2nd period - Josh Hennessy wins face-off versus Dave Dziurzynski in Senators zone.
14:49 of 2nd period - Slapshot by Dan Hinote.
14:49 of 2nd period - Shot Blocked by Ville Koistinen.
16:07 of 2nd period - Nikolai Kulemin is hit by Nick Foligno and loses puck.
16:20 of 2nd period - Ryan Parent is hit by Dave Dziurzynski and loses puck.
17:00 of 2nd period - Ryan Jones is hit by Milan Jurcina and loses puck.
17:07 of 2nd period - Gilbert Brule is hit by Cory Murphy and loses puck.
17:26 of 2nd period - Nikolai Kulemin is hit by Brock Bradford and loses puck.
17:49 of 2nd period - Snap shot by Ryan Keller.
17:49 of 2nd period - Stopped by Jeff Deslauriers with a rebound.
17:51 of 2nd period - Snap shot by Brock Bradford.
17:51 of 2nd period - Goal by Brock Bradford - Gangsters : 3 - Senators : 2.
17:52 of 2nd period - Josh Hennessy wins face-off versus Nick Foligno in neutral zone.
18:03 of 2nd period - Wrist shot by Dan Hinote.
18:03 of 2nd period - Stopped by David LeNeveu with a rebound.
18:44 of 2nd period - Snap shot by Artem Anisimov.
18:44 of 2nd period - Stopped by Jeff Deslauriers with a rebound.
18:46 of 2nd period - Slapshot by Dave Dziurzynski.
18:46 of 2nd period - Stopped by Jeff Deslauriers with a rebound.
18:58 of 2nd period - Cody Hodgson is hit by Ryan Keller.
19:09 of 2nd period - Logan Stephenson is hit by Cory Murphy and loses puck.
19:24 of 2nd period - Wrist shot by Josh Hennessy.
19:24 of 2nd period - Shot Blocked by Brock Bradford.
19:55 of 2nd period - Snap shot by B.J. Crombeen.
19:55 of 2nd period - Deflect By Gilbert Brule.
19:55 of 2nd period - Shot Misses the Net.
19:55 of 2nd period - Puck is out of play.
19:56 of 2nd period - Artem Anisimov wins face-off versus Gilbert Brule in Gangsters zone.
Goals for this period are 3 for Gangsters vs 0 for Senators.
Shots for this period are 10 for Gangsters vs 7 for Senators.
3rd period
0:01 of 3rd period - Gilbert Brule wins face-off versus Alexandre Bolduc in neutral zone.
0:10 of 3rd period - Cory Murphy is hit by Ryan Parent and loses puck.
0:27 of 3rd period - Ryan Jones is hit by Josh Hennessy and loses puck.
0:34 of 3rd period - Slapshot by Bryan Young.
0:34 of 3rd period - Shot Misses the Net.
0:44 of 3rd period - Luke Gazdic is hit by Nikolai Kulemin and loses puck.
2:29 of 3rd period - Slapshot by Erik Karlsson.
2:29 of 3rd period - Deflect By Ville Koistinen.
2:29 of 3rd period - Stopped by David LeNeveu without a rebound.
2:30 of 3rd period - Gilbert Brule wins face-off versus Artem Anisimov in Gangsters zone.
2:31 of 3rd period - Slapshot by Niklas Hagman.
2:31 of 3rd period - Stopped by David LeNeveu with a rebound.
2:33 of 3rd period - Wrist shot by B.J. Crombeen.
2:33 of 3rd period - Deflect By Niklas Hagman.
2:33 of 3rd period - Shot Misses the Net.
2:33 of 3rd period - Puck is out of play.
2:34 of 3rd period - Gilbert Brule wins face-off versus Artem Anisimov in Gangsters zone.
2:51 of 3rd period - Vladimir Mihalik is hit by Maxime Sauvé and loses puck.
3:04 of 3rd period - Snap shot by Artem Anisimov.
3:04 of 3rd period - Stopped by Jeff Deslauriers with a rebound.
3:06 of 3rd period - Snap shot by Dave Dziurzynski.
3:06 of 3rd period - Stopped by Jeff Deslauriers without a rebound.
3:07 of 3rd period - Alexandre Bolduc wins face-off versus Josh Hennessy in Senators zone.
3:20 of 3rd period - Snap shot by Nick Foligno.
3:20 of 3rd period - Stopped by Jeff Deslauriers with a rebound.
3:22 of 3rd period - Wrist shot by Ryan Keller.
3:22 of 3rd period - Shot Blocked by Logan Stephenson.
3:46 of 3rd period - Luke Gazdic is hit by Ryan Parent and loses puck.
4:07 of 3rd period - Slapshot by Brock Bradford.
4:07 of 3rd period - Stopped by Jeff Deslauriers without a rebound.
4:08 of 3rd period - Artem Anisimov wins face-off versus Gilbert Brule in Senators zone.
4:15 of 3rd period - Backhand shot by Ryan Jones.
4:15 of 3rd period - Shot Blocked by Milan Jurcina.
4:17 of 3rd period - Minor Penalty to Logan Stephenson for Roughing.
4:18 of 3rd period - Niklas Hagman wins face-off versus Artem Anisimov in Senators zone.
4:18 of 3rd period - Niklas Hagman is hit by Dave Dziurzynski.
4:33 of 3rd period - Slapshot by Ryan Jones.
4:33 of 3rd period - Deflect By Artem Anisimov.
4:33 of 3rd period - Shot Misses the Net.
4:33 of 3rd period - Puck is out of play.
4:34 of 3rd period - Niklas Hagman wins face-off versus Alexandre Bolduc in Senators zone.
4:55 of 3rd period - Cory Murphy is hit by Niklas Hagman and loses puck.
5:02 of 3rd period - Slapshot by Ville Koistinen.
5:02 of 3rd period - Shot Blocked by Ryan Parent.
5:18 of 3rd period - Snap shot by Ryan Jones.
5:18 of 3rd period - Stopped by Jeff Deslauriers with a rebound.
5:20 of 3rd period - Wrist shot by Dave Dziurzynski.
5:20 of 3rd period - Stopped by Jeff Deslauriers without a rebound.
5:21 of 3rd period - Niklas Hagman wins face-off versus Artem Anisimov in Senators zone.
5:29 of 3rd period - Icing by Bryan Young.
5:30 of 3rd period - Niklas Hagman wins face-off versus Dave Dziurzynski in Gangsters zone.
5:41 of 3rd period - B.J. Crombeen is hit by Nick Foligno and loses puck.
6:08 of 3rd period - Snap shot by Cory Murphy.
6:08 of 3rd period - Shot Blocked by Milan Jurcina.
6:10 of 3rd period - Snap shot by Ryan Jones.
6:10 of 3rd period - Stopped by Jeff Deslauriers without a rebound.
6:11 of 3rd period - Artem Anisimov wins face-off versus Niklas Hagman in Senators zone.
6:17 of 3rd period - Penalty to Logan Stephenson is over, Logan Stephenson is back on ice.
6:28 of 3rd period - Wrist shot by Ryan Jones.
6:28 of 3rd period - Shot Misses the Net.
6:30 of 3rd period - Slapshot by Artem Anisimov.
6:30 of 3rd period - Shot Blocked by Logan Stephenson.
6:32 of 3rd period - Snap shot by Artem Anisimov.
6:32 of 3rd period - Shot Misses the Net.
6:44 of 3rd period - Wrist shot by B.J. Crombeen.
6:44 of 3rd period - Stopped by David LeNeveu with a rebound.
6:46 of 3rd period - Snap shot by Niklas Hagman.
6:46 of 3rd period - Stopped by David LeNeveu without a rebound.
6:47 of 3rd period - Alexandre Bolduc wins face-off versus Josh Hennessy in Gangsters zone.
7:17 of 3rd period - Slapshot by Ville Koistinen.
7:17 of 3rd period - Shot Misses the Net.
7:19 of 3rd period - Snap shot by Nick Foligno.
7:19 of 3rd period - Shot Misses the Net.
7:21 of 3rd period - Slapshot by Ville Koistinen.
7:21 of 3rd period - Deflect By Nick Foligno.
7:21 of 3rd period - Stopped by Jeff Deslauriers with a rebound.
7:27 of 3rd period - Wrist shot by Ryan Keller.
7:27 of 3rd period - Shot Blocked by Erik Karlsson.
7:29 of 3rd period - Slapshot by Ville Koistinen.
7:29 of 3rd period - Shot Blocked by Travis Moen.
7:31 of 3rd period - Slapshot by Cory Murphy.
7:31 of 3rd period - Shot Blocked by Travis Moen.
7:33 of 3rd period - Snap shot by Ville Koistinen.
7:33 of 3rd period - Deflect By Travis Moen.
7:33 of 3rd period - Stopped by Jeff Deslauriers with a rebound.
7:35 of 3rd period - Slapshot by Ville Koistinen.
7:35 of 3rd period - Deflect By Alexandre Bolduc.
7:35 of 3rd period - Shot Misses the Net.
7:35 of 3rd period - Puck is out of play.
7:36 of 3rd period - Josh Hennessy wins face-off versus Artem Anisimov in Senators zone.
8:03 of 3rd period - Vladimir Mihalik is hit by Brock Bradford and loses puck.
8:28 of 3rd period - Snap shot by Travis Moen.
8:28 of 3rd period - Stopped by David LeNeveu with a rebound.
8:38 of 3rd period - Snap shot by Travis Moen.
8:38 of 3rd period - Stopped by David LeNeveu without a rebound.
8:39 of 3rd period - Artem Anisimov wins face-off versus Gilbert Brule in Gangsters zone.
8:54 of 3rd period - Slapshot by Dan Hinote.
8:54 of 3rd period - Stopped by David LeNeveu without a rebound.
8:55 of 3rd period - Josh Hennessy wins face-off versus Alexandre Bolduc in Gangsters zone.
9:04 of 3rd period - Dan Hinote is hit by Ryan Keller and loses puck.
9:21 of 3rd period - Ryan Parent is hit by Ryan Jones and loses puck.
9:52 of 3rd period - Maxime Sauvé is hit by Ville Peltonen and loses puck.
10:27 of 3rd period - Slapshot by Logan Stephenson.
10:27 of 3rd period - Stopped by David LeNeveu with a rebound.
10:35 of 3rd period - Snap shot by Dan Hinote.
10:35 of 3rd period - Stopped by David LeNeveu with a rebound.
10:37 of 3rd period - Slapshot by Erik Karlsson.
10:37 of 3rd period - Stopped by David LeNeveu with a rebound.
10:39 of 3rd period - Snap shot by Josh Hennessy.
10:39 of 3rd period - Shot Misses the Net.
11:11 of 3rd period - Snap shot by Steven Goertzen.
11:11 of 3rd period - Goal by Steven Goertzen - Gangsters : 3 - Senators : 3.
11:12 of 3rd period - Alexandre Bolduc wins face-off versus Gilbert Brule in neutral zone.
11:19 of 3rd period - Slapshot by Cory Murphy.
11:19 of 3rd period - Stopped by Jeff Deslauriers without a rebound.
11:20 of 3rd period - Alexandre Bolduc wins face-off versus B.J. Crombeen in Senators zone.
11:21 of 3rd period - Slapshot by Cory Murphy.
11:21 of 3rd period - Shot Misses the Net.
11:27 of 3rd period - Slapshot by Ryan Parent.
11:27 of 3rd period - Stopped by David LeNeveu with a rebound.
11:29 of 3rd period - Snap shot by Ryan Parent.
11:29 of 3rd period - Shot Blocked by Alexandre Bolduc.
11:31 of 3rd period - Snap shot by Niklas Hagman.
11:31 of 3rd period - Shot Blocked by Cory Murphy.
12:16 of 3rd period - Snap shot by Dan Hinote.
12:16 of 3rd period - Stopped by David LeNeveu without a rebound.
12:17 of 3rd period - Gilbert Brule wins face-off versus Artem Anisimov in Gangsters zone.
12:20 of 3rd period - Snap shot by Niklas Hagman.
12:20 of 3rd period - Shot Misses the Net.
12:22 of 3rd period - Wrist shot by B.J. Crombeen.
12:22 of 3rd period - Shot Blocked by Ryan Jones.
12:24 of 3rd period - Wrist shot by Niklas Hagman.
12:24 of 3rd period - Shot Misses the Net.
12:44 of 3rd period - Josh Hennessy is hit by Luke Gazdic and loses puck.
12:59 of 3rd period - Nick Foligno is hit by Ville Peltonen and loses puck.
13:17 of 3rd period - Icing by Ville Koistinen.
13:18 of 3rd period - Cody Hodgson wins face-off versus Brock Bradford in Gangsters zone.
13:23 of 3rd period - Snap shot by Steven Goertzen.
13:23 of 3rd period - Shot Blocked by Ville Koistinen.
13:25 of 3rd period - Slapshot by Ryan Parent.
13:25 of 3rd period - Shot Misses the Net.
13:27 of 3rd period - Snap shot by Cody Hodgson.
13:27 of 3rd period - Shot Misses the Net.
13:29 of 3rd period - Snap shot by Cody Hodgson.
13:29 of 3rd period - Stopped by David LeNeveu without a rebound.
13:30 of 3rd period - Alexandre Bolduc wins face-off versus Gilbert Brule in Gangsters zone.
13:57 of 3rd period - Wrist shot by Dan Hinote.
13:57 of 3rd period - Stopped by David LeNeveu without a rebound.
13:58 of 3rd period - Josh Hennessy wins face-off versus Dave Dziurzynski in Gangsters zone.
14:40 of 3rd period - Snap shot by Ryan Jones.
14:40 of 3rd period - Stopped by Jeff Deslauriers with a rebound.
14:54 of 3rd period - Slapshot by Nikolai Kulemin.
14:54 of 3rd period - Stopped by David LeNeveu with a rebound.
14:56 of 3rd period - Wrist shot by Nikolai Kulemin.
14:56 of 3rd period - Stopped by David LeNeveu without a rebound.
14:57 of 3rd period - Gilbert Brule wins face-off versus Alexandre Bolduc in Gangsters zone.
15:07 of 3rd period - Slapshot by Shaun Heska.
15:07 of 3rd period - Shot Misses the Net.
15:09 of 3rd period - Wrist shot by Ryan Keller.
15:09 of 3rd period - Stopped by Jeff Deslauriers with a rebound.
15:13 of 3rd period - Wrist shot by Alexandre Bolduc.
15:13 of 3rd period - Shot Misses the Net.
15:23 of 3rd period - Shaun Heska is hit by Andrew Murray and loses puck.
17:06 of 3rd period - Nick Foligno is hit by Clayton Stoner and loses puck.
17:53 of 3rd period - Jack Skille is hit by Bradley Malone and loses puck.
18:42 of 3rd period - Luke Gazdic is hit by B.J. Crombeen.
Goals for this period are 0 for Gangsters vs 1 for Senators.
Shots for this period are 12 for Gangsters vs 17 for Senators.
Overtime #1
0:01 of 1st overtime period - Ryan Keller wins face-off versus Niklas Hagman in neutral zone.
0:08 of 1st overtime period - Wrist shot by Ryan Jones.
0:08 of 1st overtime period - Stopped by Jeff Deslauriers without a rebound.
0:09 of 1st overtime period - Ryan Keller wins face-off versus Niklas Hagman in Senators zone.
1:06 of 1st overtime period - Snap shot by Ryan Keller.
1:06 of 1st overtime period - Stopped by Jeff Deslauriers with a rebound.
1:08 of 1st overtime period - Slapshot by Ville Koistinen.
1:08 of 1st overtime period - Shot Misses the Net.
1:10 of 1st overtime period - Snap shot by Ryan Jones.
1:10 of 1st overtime period - Shot Blocked by Ryan Parent.
1:12 of 1st overtime period - Slapshot by Ville Koistinen.
1:12 of 1st overtime period - Goal by Ville Koistinen - Gangsters : 4 - Senators : 3.
Goals for this period are 1 for Gangsters vs 0 for Senators.
Shots for this period are 3 for Gangsters vs 0 for Senators.
Output by the SimonT Hockey Simulator (STHS) for François Prévost -- Original Page W3C XHTML 1.0 Valid